 Dungeon Sprint DCSS version 0.22-a0-422-g9628fc8 (webtiles) character file.

7 Kidiri the Magician (level 1, -3/11 HPs)
             Began as a Deep Elf Fire Elementalist on May 22, 2018.
             Slain by a centaur (6 damage)
             ... in the Dungeon (Sprint IX: "|||||||||||||||||||||||||||||").
             The game lasted 00:01:17 (171 turns).

Kidiri the Magician (Deep Elf Fire Elementalist)     Turns: 171, Time: 00:01:18

Health: -3/11      AC:  2    Str:  5    XL:     1   Next: 91%
Magic:  7/7        EV: 13    Int: 19    God:
Gold:   0          SH:  0    Dex: 15    Spells: 7/8 levels left

rFire    . . .     SeeInvis .   b - +0 dagger
rCold    . . .     Gourm    .   (no shield)
rNeg     . . .     Faith    .   a - +0 robe
rPois    .         Spirit   .   (no helmet)
rElec    .         Reflect  .   (no cloak)
rCorr    .         Harm     .   (no gloves)
MR       .....     NoTele   +   (no boots)
Stlth    ++........             (no amulet)
HPRegen  0.03/turn              (no ring)
MPRegen  0.10/turn              (no ring)

@: no status effects
A: no striking features
a: no special abilities


You were in the Dungeon.
You were not hungry.

You visited 1 branch

Inventory:

Hand Weapons
 b - a +0 dagger (weapon)
Armour
 a - a +0 robe (worn)
Scrolls
 i - a scroll of blinking
Potions
 d - a potion of curing
 e - a potion of heal wounds
 f - a potion of haste
 g - 2 potions of magic
 h - a potion of berserk rage
Comestibles
 c - a ration
 j - 4 chunks of flesh


   Skills:
 + Level 0.7 Fighting
 + Level 0.4 Short Blades
 + Level 0.8 Armour
 + Level 2.9 Dodging
 - Level 2.4 Stealth
 * Level 4.0 Spellcasting
 + Level 1.7 Conjurations
 + Level 3.7 Fire Magic


You had 7 spell levels left.
You knew the following spells:

 Your Spells              Type           Power        Failure   Level  Hunger
a - Flame Tongue          Conj/Fire      ##...        4%          1    None

Your spell library contained the following spells:

 Spells                   Type           Power        Failure   Level  Hunger
 Fireball                 Conj/Fire      ##........   77%         5    ######.
 Conjure Flame            Conj/Fire      ##......     13%         3    ###....
 Throw Flame              Conj/Fire      ##....       7%          2    ##.....
 Sticky Flame             Conj/Fire      ##......     41%         4    ####...
 Inner Flame              Hex/Fire       ##......     19%         3    ###....


Dungeon Overview and Level Annotations

Branches:
Dungeon (1/1)

Altars:


Message History

There isn't anything to butcher here.
You start resting.
Unknown command.
You start resting.
You start resting.
Magic restored.
You start resting.
HP restored.
Okay, then.
You open the door.
A worker ant, a scorpion, a sky beast, a centaur and a skeleton come into view.
The centaur shouts!
The centaur wields a shortbow.
The centaur shoots an arrow.
The arrow hits you!
Ouch! That really hurt!
* * * LOW HITPOINT WARNING * * *
The worker ant waves its antennae.
The centaur unwields an uncursed shortbow.
The centaur hits you.
Ouch! That really hurt!
You die...

▓+▓
▓s▓
▓Y▓
▓a▓
▓Z▓
▓c▓
▓@▓
▓(▓
▓.▓
▓.▓
▓)▓
▓)▓
▓÷▓
▓(▓
▓.▓


You could see a sky beast, a centaur, a scorpion (wandering), a worker ant and a
ball python skeleton.

Vanquished Creatures
  A dart slug (D)
  A goblin (D)
  2 kobolds (D)
  A rat (D)
5 creatures vanquished.

Vanquished Creatures (others)
  A spatial maelstrom (D)
1 creature vanquished.

Grand Total: 6 creatures vanquished

Notes
Turn   | Place    | Note
-------+----------+-------------------------------------------
     0 | D        | Kidiri the Deep Elf Fire Elementalist began the quest for the Orb.
     0 | D        | Reached XP level 1. HP: 10/10 MP: 6/6
     7 | D        | Banished a spatial maelstrom
    24 | D        | Reached skill level 4 in Spellcasting
   170 | D        | Noticed a scorpion
   170 | D        | Noticed a sky beast
   170 | D        | Noticed a worker ant
   170 | D        | Noticed a centaur
   171 | D        | Slain by a centaur

Vault maps used:
D:        linesprint

Skill      XL: |  1 |
---------------+----+-----
Spellcasting   | 4 |  4.0
Fighting       | |  0.7
Short Blades   | |  0.4
Armour         | |  0.8
Dodging        | |  2.9
Stealth        | |  2.4
Conjurations   | |  1.7
Fire Magic     | |  3.7

Action                   || total
-------------------------++-------
Melee: Dagger            ||     7
       Unarmed           ||     1
 Cast: Flame Tongue      ||     7
Armor: Robe              ||     2
Dodge: Dodged            ||     5

Table legend:
 A = Spawn XP
 B = Non-spawn XP
 C = Spawn XP percentage of total XP
 D = Spawn monster count
 E = Non-spawn monster count
 F = Spawn count percentage of total count
 G = Total turns spent on level
                    A         B        C        D         E        F      G
               +---------+---------+-------+---------+---------+-------+---------
         Total |       0 |      11 |   0.0 |       0 |       5 |   0.0 |   171
               +---------+---------+-------+---------+---------+-------+---------
             D |       0 |      11 |   0.0 |       0 |       5 |   0.0 |   171
               +---------+---------+-------+---------+---------+-------+---------
